 Dungeon Crawl Stone Soup version 0.21-a0-55-gb612c23 (webtiles) character file.

49690 xgamer67 the Basher (level 14, -1/110 HPs)
             Began as a Human Wanderer on June 16, 2017.
             Was the Champion of Okawaru.
             Splashed by an oklob plant's acid (14 damage)
             ... on level 3 of the Lair of Beasts.
             The game lasted 01:52:39 (26869 turns).

xgamer67 the Basher (Human Wanderer)               Turns: 26869, Time: 01:52:39

Health: -1/110     AC: 10    Str: 16    XL:     14   Next: 93%
Magic:  21/21      EV: 16    Int:  9    God:    Okawaru [******]
Gold:   783        SH:  0    Dex: 23    Spells: 6/23 levels left

rFire    + . .     SeeInvis .   a - +6 demon whip of Equilibrium {venom, Int-2 Dex+5}
rCold    . . .     Gourm    .   (no shield)
rNeg     . . .     Faith    .   L - +4 chain mail {rF+}
rPois    +         Spirit   .   v - +1 helmet
rElec    .         Reflect  .   K - +0 cloak
rCorr    .         Harm     .   x - +2 pair of gloves
MR       +....                  O - +0 pair of boots {run}
Stlth    ..........             (no amulet)
HPRegen  0.28/turn              t - +3 ring of evasion
MPRegen  0.17/turn              B - ring "Ismaoff" {rPois Str+2 Stlth+}

@: corroded, quick
A: no striking features
a: Heroism, Finesse, Renounce Religion


You were on level 3 of the Lair of Beasts.
You worshipped Okawaru.
Okawaru was exalted by your worship.
You were not hungry.

You visited 2 branches of the dungeon, and saw 18 of its levels.
You also visited: Ossuary and Bailey.

You collected 1113 gold pieces.
You spent 330 gold pieces at shops.

Inventory:

Hand Weapons
 a - the +6 demon whip of Equilibrium (weapon) {venom, Int-2 Dex+5}
   (You acquired it on level 5 of the Lair of Beasts)

   It poisons the flesh of those it strikes.
   It affects your intelligence (-2).
   It affects your dexterity (+5).
Missiles
 F - 8 javelins (quivered)
Armour
 v - a +1 helmet (worn)
 x - a +2 pair of gloves (worn)
 K - a +0 cloak (worn)
 L - a +4 chain mail of fire resistance (worn)
 O - a +0 pair of boots of running (worn)
Jewellery
 h - an uncursed ring of wizardry
 q - an uncursed ring of protection from fire
 s - an uncursed ring of positive energy
 t - a +3 ring of evasion (left hand)
 B - the ring "Ismaoff" (right hand) {rPois Str+2 Stlth+}
   (You found it on level 2 of the Lair of Beasts)

   [ring of stealth]

   It affects your strength (+2).
   It protects you from poison.
   It makes you more stealthy.
 R - an uncursed ring of magical power
 S - an uncursed ring of ice
Wands
 I - a wand of lightning (8/15)
 M - a wand of digging (15/24)
 Q - a wand of disintegration (9/24)
 Y - a wand of acid (3/15)
Scrolls
 l - 2 scrolls of magic mapping
 o - 4 scrolls of amnesia
 u - a scroll of fog
 C - 5 scrolls of teleportation
 V - 2 scrolls of recharging
Potions
 i - a potion of ambrosia
 j - 2 potions of lignification
 m - 3 potions of flight
 r - 7 potions of curing
 z - 2 potions of mutation
 D - a potion of cancellation
 E - a potion of brilliance
 G - a potion of magic
 H - 2 potions of heal wounds
Books
 k - a book of Party Tricks

   Spells                             Type                      Level
   a - Summon Butterflies             Summoning                    1
   b - Apportation                    Translocation                1
   c - Lesser Beckoning               Translocation                3
   d - Tukima's Dance                 Hexes                        3
   e - Alistair's Intoxication        Transmutation/Poison         5
   f - Invisibility                   Hexes                        6
 A - a book of Necromancy

   Spells                             Type                      Level
   a - Pain                           Necromancy                   1
   b - Animate Skeleton               Necromancy                   1
   c - Vampiric Draining              Necromancy                   3
   d - Regeneration                   Charms/Necromancy            3
   e - Animate Dead                   Necromancy                   4
   f - Control Undead                 Necromancy                   4
Miscellaneous
 y - 2 sacks of spiders
 W - a phial of floods
Comestibles
 b - 5 chunks of flesh
 f - 7 bread rations
 g - 5 meat rations
 Z - 8 royal jellies


   Skills:
 - Level 10.0 Fighting
 - Level 12.0(12.1) Maces & Flails
   Level 3.0(8.4) Staves
 + Level 7.3 Armour
 - Level 10.0 Dodging
 - Level 2.0 Stealth
   Level 1.0 Shields
 - Level 5.0 Spellcasting
 - Level 5.0 Charms
 - Level 8.0 Summonings
 - Level 6.0 Necromancy
 - Level 4.0 Ice Magic
 - Level 4.0 Air Magic
 - Level 8.1 Invocations


You had 6 spell levels left.
You knew the following spells:

 Your Spells              Type           Power        Failure   Level  Hunger
a - Animate Skeleton      Necr           N/A          26%         1    #......
b - Call Canine Familiar  Summ           ###.....     34%         3    ###....
c - Summon Lightning Spi  Summ/Air       ##......     95%         4    #####..
d - Summon Ice Beast      Ice/Summ       ##......     95%         4    #####..
e - Regeneration          Chrm/Necr      ##........   69%         3    ###....
h - Summon Butterflies    Summ           ###.....     12%         1    #......
A - Apportation           Tloc           #.....       97%         1    #......


Dungeon Overview and Level Annotations

Branches:
Dungeon (12/15)            Temple (0/1) D:6            Lair (6/6) D:11
  Swamp (0/4) Lair:3       Spider (0/4) Lair:4        Slime (0/5) Lair:5
    Orc (0/2) D:11

Altars:
Dithmenos
Elyvilon
Fedhas
Gozag
Kikubaaqudgha
Makhleb
Nemelex Xobeh
Okawaru
Ru
Sif Muna
Wu Jian
Xom
Zin
Jiyva

Shops:
D:4 }   D:7 :

Annotations:
D:9 exclusion: door
D:11 Erica
D:12 !hydra
Lair:3 !rupert, exclusion: oklob plant, Rupert


Message History

The oklob plant is severely damaged.
You hit the oklob plant but do no damage.
The oklob plant is poisoned.
The oklob plant is severely damaged.
You hit the oklob plant but do no damage.
The oklob plant is severely damaged.
You hit the oklob plant but do no damage.
The oklob plant looks as sick as possible!
The oklob plant is severely damaged.
The oklob plant spits acid at you. The splash of acid hits you!
* * * LOW HITPOINT WARNING * * *
You are splashed with acid!
The acid burns!
* * * LOW HITPOINT WARNING * * *
You feel better. The oklob plant spits acid at you.
The splash of acid hits you!
* * * LOW HITPOINT WARNING * * *
The acid corrodes you!
You are splashed with acid!
The acid burns!
You die...

............
#..........#
##.........#
#..........#
#)..........#
#...........#
##.......P...#
.#......@...#
#.......>...#
###.........##
#.#..........##
#...#.......P#
#....#....PP.#
###....#......P#
#............[..P#
#................#


You could see an oklob plant.

Vanquished Creatures
  A stone giant (D:9)
  A dire elephant (Lair:6)
  Snorg (D:10)
  Fannar (D:11)
  Josephine (D:10)
  6 hydras
  3 two-headed ogres
  3 death yaks
  2 unseen horrors
  A glowing orange brain (D:9)
  A sea snake (Lair:6)
  3 wolf spiders (Lair:4)
  6 oklob plants
  3 ugly things
  9 elephants
  11 spiny frogs
  A torpor snail (Lair:3)
  4 rime drakes
  2 komodo dragons
  4 hornets
  2 trolls
  Prince Ribbit (D:5)
  5 dream sheep
  6 hippogriffs
  12 blink frogs
  3 wraiths
  A redback (Lair:4)
  19 yaks
  3 wyverns
  A basilisk (Lair:3)
  A steam dragon (D:11)
  4 vampire mosquitoes (Lair:3)
  A swamp worm (shapeshifter) (D:9)
  An acid dragon (D:12)
  20 water moccasins
  The ghost of anet the Magician, an amateur DEWz (D:4)
  3 soldier ants
  9 porcupines
  5 orc warriors
  2 ice beasts
  A phantom (D:8)
  3 sky beasts
  2 black bears (D:9)
  A necrophage (D:12)
  5 ogres
  12 crocodiles
  2 centaurs
  4 wolves (Lair:4)
  2 big kobolds
  Blork the orc (D:4)
  3 elf zombies (Ossuary)
  12 bullfrogs
  A gnoll sergeant (D:6)
  3 scorpions
  A water moccasin skeleton (D:8)
  4 killer bees (D:12)
  A howler monkey (D:5)
  A wight (D:11)
  5 bullfrog zombies
  4 crimson imps
  4 jellies
  3 quasits
  4 centaur zombies
  3 hounds
  A human zombie (Ossuary)
  3 bullfrog skeletons
  2 centaur skeletons
  7 orc priests
  20 orc wizards
  A wyvern simulacrum (D:9)
  Terence (D:3)
  Jessica (D:3)
  4 iguanas
  5 worker ants
  A killer bee zombie (D:8)
  3 big kobold zombies (Ossuary)
  2 hound skeletons
  3 mummies
  10 gnolls
  16 adders
  A howler monkey skeleton (D:5)
  2 adder zombies (Ossuary)
  2 worms (D:2)
  2 dart slugs
  4 leopard geckos
  46 orcs
  8 giant cockroaches
  10 goblins
  5 hobgoblins
  29 jackals
  15 kobolds
  3 quokkas
  A ball python (D:2)
  2 bats (D:1)
  2 frilled lizards (D:2)
  6 hobgoblin zombies (Ossuary)
  A jackal zombie (Ossuary)
  7 kobold zombies (Ossuary)
  12 orc zombies (Ossuary)
  6 rats
  A butterfly (Lair:5)
  10 plants
501 creatures vanquished.

Vanquished Creatures (collateral kills)
  A very ugly thing (D:9)
  A hydra (Lair:4)
  An elephant (Lair:2)
  A komodo dragon (Lair:2)
  6 dream sheep
  A redback (Lair:4)
  A wyvern (Lair:4)
  A yak (D:11)
  A water moccasin (Lair:2)
  A crocodile (Lair:6)
  A killer bee (D:12)
  An orc wizard (D:12)
  2 gnolls (D:11)
  2 orcs (D:8)
  2 kobolds (D:11)
  A bush (Lair:4)
  4 fungi
  2 plants
30 creatures vanquished.

Vanquished Creatures (others)
  An ogre (D:4)
  An orc (D:11)
  4 fungi
  7 plants
13 creatures vanquished.

Grand Total: 544 creatures vanquished

Notes
Turn   | Place    | Note
-------+----------+-------------------------------------------
     0 | D:1      | xgamer67 the Human Wanderer began the quest for the Orb.
     0 | D:1      | xgamer67 set off with: a +2 quarterstaff, 2 potions of lignification, a +0 robe, a +0 dagger, a bread ration
     0 | D:1      | Reached XP level 1. HP: 16/16 MP: 1/1
    46 | D:1      | Reached XP level 2. HP: 19/23 MP: 2/2
   443 | D:1      | Reached XP level 3. HP: 29/29 MP: 3/3
  1363 | D:2      | Found a deep blue altar of Sif Muna.
  1449 | D:2      | Reached XP level 4. HP: 26/37 MP: 4/4
  1722 | D:2      | Found an iron altar of Okawaru.
  1763 | D:2      | Became a worshipper of Warmaster Okawaru
  2394 | D:3      | Noticed Terence
  2477 | D:3      | Found an opulent altar of Gozag.
  2482 | D:3      | Noticed Jessica
  2756 | D:4      | Found a shadowy altar of Dithmenos.
  2774 | D:4      | Reached XP level 5. HP: 40/42 MP: 5/5
  2808 | D:4      | Reached skill level 1 in Maces & Flails
  2828 | D:4      | Got a silken robe
  2836 | D:4      | Learned a level 1 spell: Animate Skeleton
  2840 | D:4      | Learned a level 3 spell: Regeneration
  2854 | D:5      | Entered Level 5 of the Dungeon
  2862 | D:4      | Reached skill level 2 in Maces & Flails
  2885 | D:4      | Identified the cursed +0 robe of Rotation {MR+ Slay-4 SInv} (You found it on level 4 of the Dungeon)
  2920 | D:4      | Found a sand-covered staircase.
  2938 | Ossuary  | Entered an ossuary
  3001 | Ossuary  | Reached skill level 1 in Necromancy
  3177 | Ossuary  | Reached XP level 6. HP: 34/48 MP: 6/6
  3228 | Ossuary  | Reached skill level 3 in Maces & Flails
  3236 | Ossuary  | Reached * piety under Okawaru
  3311 | Ossuary  | Reached skill level 4 in Maces & Flails
  3311 | Ossuary  | Reached XP level 7. HP: 13/54 MP: 7/7
  3637 | Ossuary  | Reached skill level 5 in Maces & Flails
  3824 | D:4      | Found Axig Zaid's Gadget Shop.
  3930 | D:5      | Found a sacrificial altar of Ru.
  4170 | D:5      | Reached skill level 6 in Maces & Flails
  4170 | D:5      | Reached XP level 8. HP: 54/60 MP: 8/8
  4219 | D:5      | Noticed Prince Ribbit
  4456 | D:5      | Killed Prince Ribbit
  4456 | D:5      | Reached ** piety under Okawaru
  4456 | D:5      | Reached skill level 7 in Maces & Flails
  5390 | D:6      | Found a staircase to the Ecumenical Temple.
  5707 | D:6      | Reached skill level 8 in Maces & Flails
  6294 | D:6      | Reached XP level 9. HP: 43/65 MP: 9/9
  6591 | D:5      | Reached skill level 9 in Maces & Flails
  6656 | D:5      | Found a burning altar of Makhleb.
  6857 | D:5      | Reached *** piety under Okawaru
  6857 | D:5      | Reached skill level 10 in Maces & Flails
  7193 | D:5      | Reached skill level 1 in Armour
  7944 | D:4      | Reached skill level 1 in Dodging
  8068 | D:4      | Noticed Blork the orc
  8119 | D:3      | Killed Terence
  8198 | D:3      | Identified a scroll of acquirement
  8387 | D:3      | Killed Jessica
  8607 | D:4      | Bought a wand of disintegration (9/24) for 130 gold pieces
  8607 | D:4      | Bought a sack of spiders for 200 gold pieces
  8628 | D:4      | Found a white marble altar of Elyvilon.
  8651 | D:4      | Killed Blork the orc
  8783 | D:4      | Noticed anet's ghost (amateur DEWz)
  8839 | D:4      | Killed anet's ghost
  9416 | D:7      | Found Kuthepp's Book Emporium.
  9493 | D:7      | Noticed a hippogriff
 10038 | D:8      | Reached XP level 10. HP: 42/71 MP: 10/10
 10300 | D:8      | Reached skill level 11 in Maces & Flails
 10459 | D:8      | Reached skill level 1 in Invocations
 10791 | D:8      | Noticed a two-headed ogre
 10808 | D:8      | Killed a two-headed ogre
 10808 | D:8      | Reached **** piety under Okawaru
 11030 | D:8      | Found an ancient bone altar of Kikubaaqudgha.
 11415 | D:8      | Found a glowing silver altar of Zin.
 11724 | D:9      | Found an ornate altar of the Wu Jian Council.
 11745 | D:9      | Reached skill level 12 in Maces & Flails
 11784 | D:9      | Reached ***** piety under Okawaru
 11870 | D:9      | Received a gift from Okawaru
 12126 | D:9      | Reached skill level 5 in Necromancy
 12302 | D:9      | Noticed a salamander
 12537 | D:7      | Learned a level 1 spell: Summon Small Mammal
 12578 | D:7      | Found a sparkling altar of Nemelex Xobeh.
 12578 | D:7      | Found a shimmering altar of Xom.
 12627 | D:8      | Noticed a two-headed ogre
 12766 | D:9      | Reached XP level 11. HP: 77/77 MP: 12/14
 12899 | D:10     | Entered Level 10 of the Dungeon
 12907 | D:10     | Learned a level 1 spell: Summon Butterflies
 12944 | D:10     | Reached skill level 1 in Spellcasting
 12944 | D:10     | Reached skill level 1 in Summonings
 13193 | D:10     | Noticed a two-headed ogre
 13220 | D:10     | Killed a two-headed ogre
 13220 | D:10     | Received a gift from Okawaru
 14422 | D:10     | Noticed Snorg
 14456 | D:10     | You fall through a shaft for 2 floors!
 14489 | D:12     | Noticed a two-headed ogre
 14498 | D:12     | Found a flagged portal.
 14504 | D:12     | Reached skill level 1 in Charms
 14513 | D:12     | Killed a two-headed ogre
 14661 | Bailey   | Entered a bailey
 14706 | Bailey   | Noticed a deep elf mage
 14742 | D:12     | Noticed a red ugly thing
 14771 | D:12     | Killed a red ugly thing
 15032 | D:12     | Noticed a seven-headed hydra
 15052 | D:11     | Noticed a four-headed hydra
 15205 | D:12     | Reached skill level 5 in Charms
 15371 | D:12     | Noticed a purple ugly thing
 15387 | D:12     | Killed a purple ugly thing
 15963 | D:10     | Killed an unseen horror
 15963 | D:10     | Received a gift from Okawaru
 16267 | D:10     | Killed Snorg
 16267 | D:10     | Reached skill level 5 in Fighting
 16282 | D:10     | Reached XP level 12. HP: 58/86 MP: 7/17
 16350 | D:10     | Learned a level 3 spell: Call Canine Familiar
 16541 | D:10     | Noticed Josephine
 16860 | D:11     | Found a staircase to the Orcish Mines.
 16860 | D:11     | Noticed Erica
 17058 | D:11     | Killed a four-headed hydra
 17187 | D:11     | Reached skill level 5 in Dodging
 17204 | D:11     | Reached skill level 5 in Armour
 17542 | D:12     | Killed a seven-headed hydra
 17542 | D:12     | Reached skill level 5 in Summonings
 18335 | D:11     | Noticed Fannar
 18343 | D:11     | Found a blossoming altar of Fedhas.
 18473 | D:9      | Noticed a stone giant
 18502 | D:9      | Killed a stone giant
 18538 | D:9      | Noticed a glowing orange brain
 18550 | D:9      | Killed a glowing orange brain
 18550 | D:9      | Reached skill level 5 in Invocations
 18576 | D:9      | Noticed a brown very ugly thing
 18627 | D:9      | Killed a brown very ugly thing
 18733 | D:9      | Noticed a four-headed hydra
 18747 | D:9      | Killed a four-headed hydra
 18747 | D:9      | Received a gift from Okawaru
 18770 | D:9      | Identified a +0 pair of boots of running (You found it on level 9 of the Dungeon)
 18985 | D:10     | Killed Josephine
 19131 | D:11     | Killed Fannar
 19131 | D:11     | Reached XP level 13. HP: 85/91 MP: 16/19
 19197 | D:11     | Found a staircase to the Lair.
 19613 | Lair:1   | Entered Level 1 of the Lair of Beasts
 20540 | Lair:2   | Noticed a five-headed hydra
 20555 | Lair:2   | Killed a five-headed hydra
 20563 | Lair:2   | Learned a level 1 spell: Apportation
 20570 | Lair:2   | Learned a level 4 spell: Summon Lightning Spire
 20575 | Lair:2   | Learned a level 4 spell: Summon Ice Beast
 20712 | Lair:2   | Reached skill level 1 in Ice Magic
 20929 | Lair:2   | Reached ****** piety under Okawaru
 20970 | Lair:2   | Received a gift from Okawaru
 21581 | Lair:2   | Received a gift from Okawaru
 21828 | Lair:2   | Identified the ring "Ismaoff" {rPois Str+2 Stlth+} (You found it on level 2 of the Lair of Beasts)
 22330 | Lair:3   | Noticed a five-headed hydra
 22364 | Lair:3   | Killed a five-headed hydra
 22418 | Lair:2   | Reached XP level 14. HP: 89/106 MP: 15/20
 22488 | Lair:3   | Found a staircase to the Swamp.
 22676 | Lair:3   | Noticed Rupert
 23304 | Lair:4   | Received a gift from Okawaru
 23718 | Lair:4   | Found a hole to the Spider Nest.
 24303 | Lair:5   | Found a staircase to the Slime Pits.
 24303 | Lair:5   | Found a viscous altar of Jiyva.
 24668 | Lair:5   | Got a crystal demon whip
 24669 | Lair:5   | Identified the +6 demon whip of Equilibrium {venom, Int-2 Dex+5} (You acquired it on level 5 of the Lair of Beasts)
 24750 | Lair:5   | Reached skill level 10 in Fighting
 24973 | Lair:5   | Got a colourful robe
 25136 | Lair:5   | Identified the cursed +0 robe "Louryngo" {+Blink rPois rF+ Regen+} (You found it on level 5 of the Lair of Beasts)
 25178 | Lair:6   | Entered Level 6 of the Lair of Beasts
 25233 | Lair:6   | Received a gift from Okawaru
 25947 | Lair:6   | Noticed a dire elephant
 25986 | Lair:6   | Killed a dire elephant
 25986 | Lair:6   | Reached skill level 5 in Spellcasting
 26668 | Lair:3   | Reached skill level 10 in Dodging
 26869 | Lair:3   | Splashed by an oklob plant's acid

Vault maps used:
D:1:      evilmike_arrival_crescent, minmay_misc_feat_columns
D:2:      overflow_temple_1_default, first_bread, kennysheep_okawaru_gauntlet
D:3:      overflow_temple_1_default, uniq_jessica, uniq_terence
D:4:      lemuel_coloured_pillars_altar, gup_ossuary_entry_pyramid,
          serial_shops, nicolae_shop_temple_entry_statues_fountains,
          grunt_dithmenos_smoke, uniq_blork_the_orc
D:5:      nicolae_overflow_crystal_walls, nicolae_ru_the_path_less_chosen,
          minivault_4, uniq_prince_ribbit1
D:6:      temple_fountains
D:7:      amethyst_overflow_temple_binary, serial_shops, shop
D:8:      kiku_gazebo_garden_becter, kennysheep_mini_moat
D:9:      minmay_sliced_demisemicircle, lemuel_crystal_altar
D:10:     uniq_snorg, uniq_josephine
D:11:     dpeg_oklobed_lair, orc_0_dummy, hangedman_pestilent_swarm,
          fedhas_altar_4, uniq_fannar, uniq_erica
D:12:     enter_bailey_7, portal_ice_cave_rime
Lair:1:   grunt_megastairs_3
Lair:2:   minmay_lair_oklob_tunnel, st_stairs_11, serial_bayou_pond_c
Lair:3:   minmay_swamp_entry_swarm, minmay_lindwurm_lava, uniq_rupert
Lair:4:   spider_nest_entry_funnel_web, minmay_lair_oklob_bushes
Lair:5:   slime_altar_1, lemuel_fruit_fields
Lair:6:   gammafunk_lair_ancient_temple, minmay_lair_oklob_chamber
Ossuary:  ossuary_tomb_1
Bailey:   bailey_polearm_3, bailey

Skill      XL: |  1  2  3  4  5  6  7  8  9 10 11 12 13 14 |
---------------+-------------------------------------------+-----
Fighting       | 3 4 5 8 10 | 10.0
Staves         | 3 |  3.0
Maces & Flails | 2 4 6 8 10 12 | 12.0
Necromancy     | 1 2 3 5 6 |  6.0
Armour         | 2 3 4 6 7 |  7.3
Dodging        | 2 3 4 7 10 | 10.0
Invocations    | 4 8 |  8.1
Spellcasting   | 3 4 5 |  5.0
Summonings     | 3 5 8 |  8.0
Charms         | 5 |  5.0
Ice Magic      | 3 4 |  4.0
Air Magic      | 4 |  4.0
Stealth        | |  2.0
Shields        | |  1.0

Action                   |  1- 3 |  4- 6 |  7- 9 | 10-12 | 13-15 || total
-------------------------+-------+-------+-------+-------+-------++-------
Melee: Quarterstaff      |    87 |   144 |   117 |    48 |       ||   396
       Whip              |       |    23 |   462 |   910 |   853 ||  2248
       Punch             |       |       |       |     4 |     5 ||     9
       Demon whip        |       |       |       |       |   254 ||   254
Throw: Stone             |       |    26 |       |       |       ||    26
       Tomahawk          |       |       |    10 |       |       ||    10
       Javelin           |       |       |       |    12 |     1 ||    13
 Cast: Animate Skeleton  |       |       |     1 |    19 |    46 ||    66
       Summon Butterflie |       |       |       |     3 |       ||     3
       Call Canine Famil |       |       |       |     4 |     5 ||     9
       Regeneration      |       |       |       |     3 |    25 ||    28
       Summon Lightning  |       |       |       |       |     1 ||     1
Invok: Heroism           |       |       |       |    16 |    13 ||    29
       Finesse           |       |       |       |     1 |     1 ||     2
Evoke: Wand              |       |       |     5 |     8 |     3 ||    16
       Sack of spiders   |       |       |       |     7 |       ||     7
       Phial of floods   |       |       |       |     1 |     1 ||     2
       Phantom mirror    |       |       |       |     1 |       ||     1
  Use: Scroll            |       |     4 |    12 |    11 |     9 ||    36
       Potion            |       |     3 |     6 |    10 |     6 ||    25
 Stab: Sleeping          |     2 |       |       |     3 |     9 ||    14
       Invisible         |       |       |     5 |     8 |       ||    13
       Distracted        |       |       |     1 |     2 |     2 ||     5
  Eat: Chunk             |     2 |     5 |    18 |    13 |    22 ||    60
       Bread ration      |       |       |     1 |       |       ||     1
       Fruit             |       |       |       |    14 |     6 ||    20
       Royal jelly       |       |       |       |     3 |     1 ||     4
Armor: Robe              |     8 |       |       |       |       ||     8
       Scale mail        |    25 |    64 |   186 |   177 |       ||   452
       Troll leather arm |       |       |       |    46 |    86 ||   132
       Skin              |       |       |       |    32 |    29 ||    61
       Chain mail        |       |       |       |       |    57 ||    57
Dodge: Dodged            |    34 |    49 |   243 |   441 |   575 ||  1342
